 Dungeon Crawl Stone Soup version 0.31-a0-256-g80acddb972 (webtiles) character file.

Game seed: 1630794553447510590

135 qw the Shooter (level 5, 0/30 HPs)
             Began as a Gargoyle Hexslinger on July 12, 2023.
             Slain by a jackal (3 damage)
             ... on level 3 of the Dungeon.
             The game lasted 00:01:02 (2218 turns).

qw the Shooter (Gargoyle Hexslinger)                Turns: 2218, Time: 00:01:02

Health: 0/30       AC: 12    Str: 11    XL:     5   Next: 18%
Magic:  6/6        EV: 15    Int: 14    God:
Gold:   134        SH:  0    Dex: 14    Spells: 5/6 levels left

rFire   + . .        Y - +1 sling
rCold   . . .        (no shield)
rNeg    + . .        g - +0 ring mail
rPois   inf          i - +2 helmet
rElec   +            (no cloak)
rCorr   .            (no gloves)
SInv    .            (no boots)
Will    .....        (no amulet)
Stlth   +            c - +5 ring of evasion
HPRegen 0.25/turn    m - ring of protection from fire
MPRegen 0.10/turn

%: no passive effects
@: no status effects
A: sickness immunity, AC +4, negative energy resistance 1, electricity
resistance, torment resistance 1, petrification resistance
a: no special abilities


You were on level 3 of the Dungeon.
You visited 1 branch of the dungeon, and saw 4 of its levels.

You collected 134 gold pieces.


Innate Abilities, Weirdness & Mutations

You are immune to sickness and miasma.
Your stone body is resilient. (AC +4)
You are immune to poison.
You resist negative energy. (rN+)
You are resistant to electric shocks. (rElec)
You are resistant to unholy torment.
You are immune to petrification.


   Skills:
 - Level 2.1 Fighting
 + Level 4.7 Ranged Weapons
 - Level 1.0 Armour
 - Level 1.5 Dodging
 - Level 1.0 Spellcasting
 - Level 2.6 Hexes


You had 5 spell levels left.
You knew the following spells:

 Your Spells              Type           Power      Damage    Failure   Level
a - Slow                  Hex            32%        N/A       21%         1

Your spell library contained the following spells:

 Spells                   Type           Power      Damage    Failure   Level
 Inner Flame              Hex/Fire       4%         N/A       71%         3
 Portal Projectile        Hex/Tloc       8%         N/A       71%         3
 Cause Fear               Hex            4%         N/A       90%         4

Inventory:

Hand Weapons
 Y - a +1 sling (weapon)
Armour
 d - the +0 pair of gloves "Jegugum" {Harm Regen+ Int-5 Dex-2}
   (You found it on level 2 of the Dungeon)

   Int:       It affects your intelligence (-5).
   Dex:       It affects your dexterity (-2).
   Regen:     It increases your rate of health regeneration.
   Harm:      It increases damage dealt and taken.
 g - a +0 ring mail (worn)
 i - a +2 helmet (worn)
Jewellery
 c - a +5 ring of evasion (left hand)
 m - a ring of protection from fire (right hand)
 n - a ring of protection from cold
Scrolls
 l - a scroll of identify
Potions
 a - a potion of curing {unknown}
 e - a potion of ambrosia {unknown}
 h - a potion of heal wounds {unknown}
 k - a potion of haste

Dungeon Overview and Level Annotations

Branches:
Dungeon (4/15)
 Temple: D:4-7

Altars:
Wu Jian

Shops:
D:1 *


Message History

The iguana barely misses you. The jackal closely misses you.
The adder closely misses you. The adder misses you.
You shoot a sling bullet.
The sling bullet closely misses the adder.
The jackal misses you.
The jackal bites you but does no damage.
The iguana bites you!
The jackal bites you but does no damage.
The adder completely misses you.
The jackal bites you but does no damage.
The adder bites you but does no damage. The jackal barely misses you.
You shoot a sling bullet. The sling bullet misses the adder.
The jackal misses you. The jackal barely misses you.
The jackal bites you but does no damage.
The adder bites you but does no damage. The adder closely misses you.
The iguana bites you but does no damage.
The jackal bites you but does no damage. x2
The adder bites you but does no damage.
The jackal bites you but does no damage.
The iguana barely misses you. The adder completely misses you.
You shoot a sling bullet.
The sling bullet closely misses the adder.
The jackal barely misses you.
The jackal bites you but does no damage.
The jackal closely misses you. The adder barely misses you.
The adder bites you. The iguana closely misses you.
The jackal bites you but does no damage.
The jackal misses you. x2; The adder barely misses you.
The adder closely misses you.
You shoot a sling bullet.
The sling bullet closely misses the adder.
The jackal closely misses you. The jackal barely misses you.
The jackal misses you. The iguana misses you. The adder closely misses you. x2
The jackal bites you but does no damage.
The jackal completely misses you. The jackal misses you.
The iguana completely misses you.
You shoot a sling bullet. The sling bullet hits the adder!
You kill the adder!
The adder bites you but does no damage. The jackal bites you.
You die...

...)................).......##...
....#......###..###.###.....##...
#####.###### ##.....###..........
#.# ##.............##.. #.#
#...........#..<..
####.##########.........#.###.##
#¤##.................)..#..##.##
##¤##.#########%hh....[.....##.##
###¤#.# ##@h.....#.#.......
#¤#¤#.# #Sl........##.....
###.#¤##########.................
# #¤¤¤........................)..
###¤################...........
###..# #.....%...... #...<#
##.....(...... ##.##.#
####..#.......).. #..##.#
#....###...##....


You could see an iguana, an adder and 3 jackals.

Vanquished Creatures
  3 gnolls (D:3)
  7 adders
  A worm (D:2)
  A dart slug (D:2)
  An orc (D:3)
  6 endoplasms
  A giant cockroach (D:3)
  2 goblins
  4 hobgoblins
  2 jackals (D:2)
  3 quokkas
  4 ball pythons
  6 bats
  A frilled lizard (D:3)
  3 kobolds
  5 rats
50 creatures vanquished.

Notes
Turn   | Place    | Note
-------+----------+-------------------------------------------
     0 | D:1      | qw the Gargoyle Hexslinger began the quest for the Orb.
     0 | D:1      | Reached XP level 1. HP: 12/12 MP: 2/2
     0 | D:1      | 0 ||| qw: Version: 0.3-a-52-g30416fa
     0 | D:1      | 0 ||| qw: Game counter: 6756
     0 | D:1      | 0 ||| qw: Melee chars always use a shield: true
     0 | D:1      | 0 ||| qw: God list: Okawaru
     0 | D:1      | 0 ||| qw: Allow faded altars: false
     0 | D:1      | 0 ||| qw: Do Orc after clearing Dungeon:15 true
     0 | D:1      | 0 ||| qw: Do second Lair branch before Depths: true
     0 | D:1      | 0 ||| qw: Lair rune preference: random
     0 | D:1      | 0 ||| qw: Goals: Normal
     0 | D:1      | 0 ||| PLANNING D:1-11
    37 | D:1      | Found Odon's General Store.
    45 | D:1      | 45 ||| SHOPLISTING +0 leather armour (28 gold, have 0).
    45 | D:1      | 45 ||| SHOPLISTING scroll of enchant armour (105 gold, have
                  | 0).
    45 | D:1      | 45 ||| SHOPLISTING scroll of identify (28 gold, have 0).
   232 | D:1      | Found a faded altar of an unknown god.
   703 | D:1      | Reached XP level 2. HP: 16/16 MP: 3/3
   923 | D:1      | 923 ||| UPGRADING to +0 leather armour.
   933 | D:1      | 933 ||| DROPPING +0 robe.
   934 | D:1      | 934 ||| READING scroll labelled KEGHUPNUFO.
   935 | D:1      | 935 ||| READING scroll labelled JIEHYAFRUD.
   936 | D:1      | 936 ||| DROPPING scroll of poison.
  1016 | D:2      | Identified the +0 pair of gloves "Jegugum" {Harm Regen+
                  | Int-5 Dex-2}
  1026 | D:2      | Reached skill level 3 in Ranged Weapons
  1039 | D:2      | HP: 4/16 [worm (3)]
  1147 | D:2      | Reached XP level 3. HP: 8/21 MP: 4/4
  1481 | D:2      | Reached XP level 4. HP: 15/26 MP: 5/5
  1605 | D:2      | 1605 ||| UPGRADING to +0 ring mail.
  1615 | D:2      | 1615 ||| DROPPING +0 leather armour.
  1616 | D:2      | 1616 ||| UPGRADING to +0 helmet.
  1621 | D:2      | 1621 ||| UPGRADING to +5 ring of evasion.
  1622 | D:2      | 1622 ||| READING scroll labelled CUATAC FIGG.
  1623 | D:2      | 1623 ||| READING scroll labelled KUTTUO ULOO.
  1624 | D:2      | 1624 ||| READING scroll labelled NEAHODGH WUTHROOK.
  1628 | D:2      | 1628 ||| DRINKING 2 fizzy golden potions.
  1629 | D:2      | 1629 ||| DRINKING 2 viscous golden potions.
  1630 | D:2      | 1630 ||| DROPPING potion of attraction.
  1675 | D:3      | Reached skill level 1 in Armour
  1747 | D:3      | Reached skill level 4 in Ranged Weapons
  1777 | D:3      | Found an ornate altar of the Wu Jian Council.
  1880 | D:3      | 1880 ||| Stepping ~*~*~tactically~*~*~ (outnumbered).
  1892 | D:3      | Reached XP level 5. HP: 30/30 MP: 6/6
  2173 | D:3      | 2173 ||| DROPPING ring of wizardry.
  2174 | D:3      | 2174 ||| UPGRADING to ring of protection from fire.
  2175 | D:3      | 2175 ||| READING 3 scrolls labelled ARYSOQ KIHOR.
  2176 | D:3      | 2176 ||| READING 2 scrolls of enchant armour.
  2176 | D:3      | 2176 ||| ENCHANTING +0 helmet.
  2177 | D:3      | 2177 ||| READING scroll of enchant armour.
  2177 | D:3      | 2177 ||| ENCHANTING +1 helmet.
  2178 | D:3      | 2178 ||| READING scroll labelled ODEEPE QEMIDIN.
  2209 | D:4      | 2209 ||| STAIRDANCE
  2214 | D:3      | HP: 5/30 [iguana (10)]
  2216 | D:3      | HP: 2/30 [adder (3)]
  2218 | D:3      | Slain by a jackal

Levels and vault maps discovered:
D:1:      onia_arrival_mini_maze_b, layout_basic,
          chequers_ecumenical_altar_island, serial_shops, shop, minivault_19
D:2:      layout_basic, kennysheep_crisscross
D:3:      layout_rooms, pdpol_wu_jian_five_deadly_venoms
D:4:      layout_cave_pools, cheibrodos_ashenzari_chains, lemuel_round_altar,
          serial_shops, nicolae_shop_peninsula,
          eino_small_chamber_without_monster

Skill      XL: |  1  2  3  4 |
---------------+-------------+-----
Ranged Weapons | 3 4 |  4.7
Fighting       | 2 |  2.1
Armour         | 1 |  1.0
Dodging        | |  1.5
Spellcasting   | |  1.0
Hexes          | |  2.6

Action                     |  1- 3 |  4- 6 || total
---------------------------+-------+-------++-------
   Fire: Sling             |   125 |   126 ||   251
    Use: Scroll            |     2 |     7 ||     9
         Potion            |       |     2 ||     2
 Armour: Robe              |     5 |       ||     5
         Leather armour    |    20 |       ||    20
         Ring mail         |       |    59 ||    59
  Dodge: Dodged            |    49 |   163 ||   212

Table legend:
 A = Non-vault XP
 B = Vault XP
 C = Vault XP percentage of total XP
 D = Non-vault monster count
 E = Vault monster count
 F = Vault count percentage of total count
                 A         B        C        D         E       F
            +---------+---------+-------+---------+---------+-------
      Total |     204 |       2 |   1.0 |      49 |       1 |   2.0
            +---------+---------+-------+---------+---------+-------
        D:1 |      10 |       2 |  16.7 |       7 |       1 |  12.5
        D:2 |      70 |       0 |   0.0 |      19 |       0 |   0.0
        D:3 |     124 |       0 |   0.0 |      23 |       0 |   0.0
            +---------+---------+-------+---------+---------+-------
